[Event "21st Maccabiah GM 2022"]
[Site "?"]
[Date "2022.07.18"]
[Round "5.1"]
[White "Parkhov, Yair"]
[Black "Dvoirys, Semen I."]
[Result "1/2-1/2"]
[ECO "D85"]
[WhiteElo "2468"]
[BlackElo "2439"]
[Annotator "TA"]
[PlyCount "83"]
[EventDate "2022.07.13"]
[EventType "tourn"]
[EventCountry "ISR"]
[SourceTitle "playchess.com"]
[Source "ChessBase"]
[SourceQuality "1"]
[TimeControl "40/5400+30:1800+30"]

1. d4 Nf6 2. c4 g6 3. Nc3 d5 4. cxd5 Nxd5 5. e4 Nxc3 6. bxc3 Bg7 7. Nf3 c5 8. Rb1 O-O 9. Be2 cxd4 10. cxd4 Qa5+ 11. Bd2 Qxa2 12. O-O Nd7 (12... b6 $11) 13. Bd3 {[%emt 0:01:07][%mdl 1024] White has compensation. D85: Exchange Grünfeld: Unusual White 7th moves and lines with 7 Nf3.} Nb6 14. Ra1 Qe6 15. Bb4 Qd7 {[%emt 0:01:34] [#]} 16. Ra5 $146 (16. Bc5 $5 Qd8 17. Qb3 $11) ({Predecessor:} 16. Qe2 Qd8 17. h3 Bd7 18. Ra3 Re8 19. Ba5 e6 20. Rfa1 Bc6 21. Qb2 Rc8 22. Ne5 Bxe5 23. dxe5 Qh4 24. Be1 {½-½ (24) Akshat,K (2307)-Sivanandan,B (2373) Chennai 2008}) 16... Qd8 17. Qa1 Be6 18. Qa3 Nc8 19. d5 (19. Rd1 $14 {feels stronger.}) 19... Bg4 $11 20. Nd2 Bd4 21. h3 Bd7 22. Qb3 Qc7 23. Kh1 (23. Nf3 $14 Bb6 24. Ra2) 23... Qf4 (23... b5 $5) 24. Qd1 ({Better is} 24. Nf3 $11 Bg7 25. Bd2) 24... Re8 (24... Bxf2 $2 25. Qe2 $18) ({Don't take} 24... Be5 25. Nf3 $14) (24... Bb6 $5 25. Ra1 Nd6 $15) 25. Nf3 Bg7 26. Qe2 e5 (26... a6 $11 {was preferrable.}) 27. Rc5 {[%emt 0:04:39] Rc7 is the strong threat.} Qf6 28. Rc7 Qb6 29. Rxd7 Qxb4 30. Rb1 {[%emt 0:00:42][%mdl 64] [#] Deflection} Qa3 31. Rbxb7 Nd6 32. Rbc7 {[%emt 0:00:06] Against Qc1+} Rec8 33. Kh2 {[%emt 0:01:34] aiming for Rc6.} Rxc7 34. Rxc7 a5 35. Nd2 Rc8 (35... Qb2 $15) 36. Nc4 $14 Qb4 37. Rc6 Rxc6 38. dxc6 {[%emt 0:00:02] Black must now prevent c7.} Qc5 39. Nxd6 Qxd6 40. Bb5 (40. Qc2 $5 Qc7 41. Bc4 $16) 40... Bf6 41. Qf3 {[%emt 0:05:01][%cal Oc6c7] [#] Hoping for c7!} Kg7 42. Qe3 {[%emt 0:04:25] Weighted Error Value: White=0.17 (very precise) /Black=0.16 (very precise)} 1/2-1/2

[Event "21st Maccabiah GM 2022"]
[Site "?"]
[Date "2022.07.18"]
[Round "5.2"]
[White "Tzidkiya, Yeshaayahu"]
[Black "Yarmonov, Igor"]
[Result "1-0"]
[ECO "B12"]
[WhiteElo "2419"]
[BlackElo "2372"]
[Annotator "TA"]
[PlyCount "57"]
[EventDate "2022.07.13"]
[EventType "tourn"]
[EventCountry "ISR"]
[SourceTitle "playchess.com"]
[Source "ChessBase"]
[SourceQuality "1"]
[TimeControl "40/5400+30:1800+30"]

1. e4 c6 2. d4 d5 3. e5 Bf5 4. c4 e6 5. Nc3 Bb4 6. cxd5 {[%emt 0:00:20] B12: Caro-Kann: Advance Variation.} Qxd5 7. Nge2 Ne7 {[%emt 0:01:37] [#]} 8. a3 $146 {[%emt 0:02:55] White is slightly better.} ({Predecessor:} 8. Bg5 Qa5 9. a3 Bxc3+ 10. bxc3 c5 11. Qd2 Nbc6 12. Bxe7 Nxe7 13. c4 Qxd2+ 14. Kxd2 {0-1 (39) Srinath,R (2356)-Bevia Martinez,L (2169) Benidorm 2021}) 8... Bxc3+ 9. Nxc3 Qd7 10. h4 {[%emt 0:01:30] [#] Strongly threatening g4.} h5 {[%emt 0:02:20][%cal Oc6c5] Inhibits g4.} 11. Bg5 Nd5 12. Bd3 (12. Be2 $16) 12... Na6 13. Ne4 Bxe4 14. Bxe4 Ne7 15. O-O Nc7 16. Qb3 Ncd5 17. Rac1 f6 18. Bd2 Nf5 (18... O-O-O $11 {remains equal.}) 19. Bxf5 $16 exf5 {[%emt 0:00:04] [#]} 20. e6 $1 Qe7 21. Bb4 $36 {[%emt 0:01:26][%mdl 2048] Keeping Black busy.} Nxb4 22. axb4 {[%emt 0:00:04][%cal Ba3b4,Bb4b5][%mdl 32] aiming for b5.} O-O 23. b5 Qd6 (23... Rad8 $14) 24. Rfe1 Rae8 25. e7+ Rf7 26. Re6 Qd7 27. Rce1 {[%emt 0:04:10] 0x0.0005eb883b15dp-1022s more active pieces. The black rooks are badly placed.} Qxd4 $2 (27... a6 $16 28. bxc6 bxc6) 28. Rd1 $18 Qb6 29. Rde1 $2 {[%emt 0:34:44][%mdl 32768] Weighted Error Value: White=0.06 (flawless) /Black=0.50. Loss on time!?} ({Better is} 29. Rd7 $18) 1-0

[Event "21st Maccabiah GM 2022"]
[Site "?"]
[Date "2022.07.18"]
[Round "5.2"]
[White "Ginsburg, Gennadi"]
[Black "Dvoirys, Semen I."]
[Result "*"]
[WhiteElo "2400"]
[BlackElo "2439"]
[Annotator "TA"]
[PlyCount "26"]
[EventDate "2022.07.13"]
[EventType "tourn"]
[EventCountry "ISR"]
[SourceTitle "playchess.com"]
[Source "ChessBase"]
[SourceQuality "1"]
[TimeControl "40/5400+30:1800+30"]

1. e4 c6 2. d4 d5 3. e5 Bf5 4. c4 e6 5. Nc3 Bb4 6. cxd5 {[%emt 0:00:20] B12: Caro-Kann: Advance Variation.} Qxd5 7. Nge2 {[%emt 1:32:45] [#]} {Predecessor:} Qd8 $146 8. a3 Ba5 9. Ng3 Ne7 10. Bc4 Bg6 11. h4 h6 12. h5 Bh7 13. Qg4 Kf8 {1-0 (49) Carlsen,M (2847)-Fedoseev,V (2696) Krasnaya Polyana 2021} *

[Event "21st Maccabiah GM 2022"]
[Site "?"]
[Date "2022.07.18"]
[Round "5.3"]
[White "Smirin, Ilia"]
[Black "Ginsburg, Gennadi"]
[Result "1-0"]
[ECO "C92"]
[WhiteElo "2601"]
[BlackElo "2400"]
[Annotator "TA"]
[PlyCount "77"]
[EventDate "2022.07.13"]
[EventType "tourn"]
[EventCountry "ISR"]
[SourceTitle "playchess.com"]
[Source "ChessBase"]
[SourceQuality "1"]
[TimeControl "40/5400+30:1800+30"]

1. e4 e5 2. Nf3 Nc6 3. Bb5 a6 4. Ba4 Nf6 5. O-O Be7 6. Re1 b5 7. Bb3 d6 8. c3 O-O 9. h3 Nd7 10. d4 Bf6 11. a4 Bb7 12. Na3 {[%emt 0:02:59] 12.d5 is the modern continuation.} (12. d5 $5 Ne7 13. Be3 $14) 12... Ne7 {[%emt 0:07:04] C92: Closed Ruy Lopez: 9...Be6, Karpov and Flohr-Zaitsev Variations.} 13. Bd2 $5 {[%emt 0:08:29][%mdl 4] A promising side line.} c6 {[%emt 0:09:31] [#]} 14. Ba2 $146 ({Predecessor:} 14. dxe5 dxe5 15. Be3 Qc7 16. Qe2 Ng6 17. Red1 Rad8 18. axb5 cxb5 19. Bd5 Nb6 20. Bxb6 Qxb6 {1-0 (36) Kargin,A (2440)-De Coninck,R (2123) Paleochora 2013}) 14... Nb6 (14... Ng6 $11) 15. a5 Nd7 16. b4 c5 (16... exd4 $11 17. cxd4 Ng6) 17. dxc5 $16 dxc5 18. c4 {[%emt 0:00:17] White is more active.} Nc6 19. cxb5 axb5 20. Nxb5 {[%emt 0:05:04][%cal Of3g5] Ng5! is the strong threat.} Nxb4 {[%emt 0:03:21] [#]} 21. Nd6 $1 Ba6 $2 {[%emt 0:13:12] Black cannot hold the game after this.} (21... Nxa2 $16 {was called for.} 22. Nxb7 Qc7) 22. Bxb4 $18 cxb4 23. Bxf7+ Kh8 (23... Rxf7 $2 24. Qd5 Ra7 25. Qxf7+ $18) 24. Bd5 Rb8 25. Nf7+ Rxf7 26. Bxf7 Qe7 27. Bd5 Nc5 28. Re3 g6 29. Qc2 Bg7 30. Rc1 Rc8 31. Qb2 Rb8 32. Bc4 Bh6 33. Nxe5 {[%emt 0:01:09][%cal Re5g6] [#]} Bg7 34. f4 Bxc4 {White is clearly winning.} 35. Rxc4 Ne6 36. Qc1 {[%emt 0:04:09] aiming for Nc6.} Bh6 37. Rc8+ Rxc8 38. Qxc8+ Kg7 39. Qd7 {[%emt 0:00:12] Weighted Error Value: White=0.18 (very precise) /Black=0.44} 1-0

[Event "21st Maccabiah GM 2022"]
[Site "?"]
[Date "2022.07.18"]
[Round "5.3"]
[White "Parkhov, Yair"]
[Black "Gruenfeld, Yehuda"]
[Result "*"]
[WhiteElo "2468"]
[BlackElo "2426"]
[Annotator "TA"]
[PlyCount "41"]
[EventDate "2022.07.13"]
[EventType "tourn"]
[EventCountry "ISR"]
[SourceTitle "playchess.com"]
[Source "ChessBase"]
[SourceQuality "1"]
[TimeControl "40/5400+30:1800+30"]

1. e4 e5 2. Nf3 Nc6 3. Bb5 a6 4. Ba4 Nf6 5. O-O Be7 {[%emt 0:00:48] [#]} {Predecessor:} 6. Re1 $146 {C88: Closed Ruy Lopez: Anti-Marshall Systems.} b5 7. Bb3 O-O 8. a4 Bb7 9. d3 d6 10. Bd2 Qd7 11. Nc3 Na5 12. Ba2 b4 13. Ne2 c5 14. Ng3 Rab8 15. Nh4 g6 16. Bh6 Rfe8 17. Nhf5 Bd8 18. Ng7 Rf8 19. h3 b3 20. Bxb3 Nxb3 21. cxb3 {0-1 (78) Caruana,F (2783)-Ding,L (2806) Madrid 2022} *

[Event "21st Maccabiah GM 2022"]
[Site "?"]
[Date "2022.07.18"]
[Round "5.4"]
[White "Kobo, Ori"]
[Black "Postny, Evgeny"]
[Result "1-0"]
[ECO "C45"]
[WhiteElo "2534"]
[BlackElo "2564"]
[Annotator "TA"]
[PlyCount "78"]
[EventDate "2022.07.13"]
[EventType "tourn"]
[EventCountry "ISR"]
[SourceTitle "playchess.com"]
[Source "ChessBase"]
[SourceQuality "1"]
[TimeControl "40/5400+30:1800+30"]

1. e4 e5 2. Nf3 Nc6 3. d4 exd4 4. Nxd4 Bc5 5. Nb3 Bb4+ 6. c3 Be7 7. f4 {[%emt 0:00:13] C45: Scotch Game.} d6 8. N1d2 d5 9. e5 {[%emt 0:02:53] [#]} Nh6 $146 ({Predecessor:} 9... d4 10. Nf3 dxc3 11. Qxd8+ Nxd8 12. bxc3 Nh6 13. Bd3 O-O 14. Be3 f6 15. Nbd4 Ng4 {½-½ (58) Muzychuk,M (2526)-Koneru,H (2581) Sochi 2015}) 10. Bd3 O-O (10... f6 {looks sharper.} 11. Qh5+ Nf7 12. Nd4 g6) 11. Qc2 g6 12. O-O Bf5 13. Nf3 Qd7 14. h3 {[%emt 0:06:56] Hoping for g4.} f6 15. Re1 fxe5 16. fxe5 Bxd3 17. Qxd3 Nf5 18. Bg5 Rad8 (18... Rae8 $5 ) 19. Bxe7 Ncxe7 (19... Qxe7 $11 {keeps the balance.} 20. Kh2 Ng7) 20. Rad1 (20. g4 $1 $16 ) 20... Ng7 (20... Qc8 $11) 21. Nc5 $1 $16 Qc6 {[%emt 0:01:20] [#]} 22. b4 Ne6 {[%emt 0:00:21] [#]} 23. Nxe6 (23. Nd4 $142 $1 Nxc5 24. bxc5) 23... Qxe6 24. Nd4 Qc8 (24... Qf7 $2 25. Rf1 Qg7 26. Ne6 Qxe5 27. Rde1 $18 (27. Nxf8 Rxf8 28. Rde1 Qd6 $18)) 25. Qe3 {[%emt 0:00:00] White is much more active.} c6 26. Kh1 ({Better is} 26. Rf1 $16) 26... Rde8 27. Rf1 Nf5 28. Nxf5 Rxf5 29. Rxf5 Qxf5 $11 {[%emt 0:00:10][%mdl 4096] Endgame KQR-KQR} 30. Re1 b6 31. a4 Re7 32. a5 bxa5 33. bxa5 Kg7 34. Qd4 (34. e6 {is interesting.} a6 35. Qe2 Qe4 36. Qf1) 34... h5 (34... g5 $11 {remains equal.}) 35. a6 (35. e6+ $1 $16 Qf6 36. Qc5) 35... Kh6 36. Qe3+ Qg5 37. Qc5 (37. Qf2 $5 ) 37... Qg3 {[%emt 0:00:36] The position is equal.} 38. Re3 Qg5 39. Re1 Rxe5 $2 {[%emt 0:00:00][%mdl 8192] Weighted Error Value: White=0.20 (precise) /Black=0.26 (precise)} (39... Qg3 $11 40. Re2 Rf7) 1-0

[Event "21st Maccabiah GM 2022"]
[Site "?"]
[Date "2022.07.18"]
[Round "5.4"]
[White "Yarmonov, Igor"]
[Black "Postny, Evgeny"]
[Result "*"]
[WhiteElo "2372"]
[BlackElo "2564"]
[Annotator "TA"]
[PlyCount "28"]
[EventDate "2022.07.13"]
[EventType "tourn"]
[EventCountry "ISR"]
[SourceTitle "playchess.com"]
[Source "ChessBase"]
[SourceQuality "1"]
[TimeControl "40/5400+30:1800+30"]

1. e4 e5 2. Nf3 Nc6 3. d4 exd4 4. Nxd4 Bc5 5. Nb3 Bb4+ 6. c3 Be7 7. f4 {[%emt 0:00:13] C45: Scotch Game.} d6 8. N1d2 {[%emt 0:00:18] [#]} {Predecessor:} d5 $146 9. e5 Nh6 10. Bd3 O-O 11. Qc2 g6 12. O-O Bf5 13. Nf3 Qd7 14. h3 f6 {1-0 (39) Kobo,O (2534)-Postny,E (2564) Jerusalem 2022} *

[Event "21st Maccabiah GM 2022"]
[Site "?"]
[Date "2022.07.18"]
[Round "5.5"]
[White "Alekseev, Evgeny"]
[Black "Gruenfeld, Yehuda"]
[Result "1/2-1/2"]
[ECO "A77"]
[WhiteElo "2601"]
[BlackElo "2426"]
[Annotator "TA"]
[PlyCount "43"]
[EventDate "2022.07.13"]
[EventType "tourn"]
[EventCountry "ISR"]
[SourceTitle "playchess.com"]
[Source "ChessBase"]
[SourceQuality "1"]
[TimeControl "40/5400+30:1800+30"]

1. d4 Nf6 2. c4 e6 3. Nf3 c5 4. d5 d6 5. Nc3 exd5 6. cxd5 g6 7. Nd2 Nbd7 8. e4 Bg7 9. Be2 O-O 10. O-O Re8 11. Re1 (11. h3 $14) 11... g5 {[%emt 0:00:30] A77: Modern Benoni: Classical: 9...Re8 10 Nd2: 10...a6 and 10...Nbd7.} (11... a6 $1 $11 {remains equal.}) 12. Qc2 $16 Ne5 13. Nf1 h6 {[%emt 0:00:30] [#] White is better.} 14. f4 $146 (14. Nd1 $16) ({Predecessor:} 14. Ng3 a6 15. a4 b6 16. b3 Ng6 17. Bb2 Nf4 18. Bc4 Rb8 19. Rad1 Ng4 20. h3 {0-1 (40) Botterill,G (2340)-Gallagher,J (2260) Brighton/ East Sussex 1984}) 14... gxf4 $11 15. Bxf4 Ng6 ({Black should play} 15... Neg4 $11) 16. Be3 (16. Bg3 $14) 16... Ng4 17. Bxg4 Bxg4 18. Qf2 Bd7 19. a4 a6 20. a5 Ne5 21. Qe2 {[%emt 0:00:30] Inhibits Nd3.} (21. Nd2 $11 {feels stronger.}) 21... Qh4 22. Bf2 $1 {[%emt 0:00:30] Weighted Error Value: White=0.26 (precise) /Black=0.30} 1/2-1/2

[Event "21st Maccabiah GM 2022"]
[Site "?"]
[Date "2022.07.18"]
[Round "5.5"]
[White "Tzidkiya, Yeshaayahu"]
[Black "Alekseev, Evgeny"]
[Result "*"]
[ECO "D94"]
[WhiteElo "2419"]
[BlackElo "2601"]
[Annotator "TA"]
[PlyCount "127"]
[EventDate "2022.07.13"]
[EventType "tourn"]
[EventCountry "ISR"]
[SourceTitle "playchess.com"]
[Source "ChessBase"]
[SourceQuality "1"]
[TimeControl "40/5400+30:1800+30"]

1. d4 Nf6 2. c4 g6 3. Nc3 d5 4. Nf3 Bg7 5. e3 O-O 6. Be2 dxc4 7. Bxc4 c5 8. O-O Nbd7 9. h3 {D94: Grünfeld: 4 Nf3 Bg7 5 e3.} e6 {[#]} 10. Qe2 $146 ({Predecessor:} 10. dxc5 Nxc5 11. Qe2 a6 12. a3 b5 {½-½ (12) Litterst,R (1930)-Mann,D (1881) Dresden 2001}) 10... a6 11. a4 {Against b5} b6 12. Rd1 Qc7 13. d5 exd5 14. Bxd5 Bb7 15. Bxb7 Qxb7 16. Bd2 Rfe8 17. Be1 Rab8 18. b3 Re6 19. Ra2 h6 20. Nd2 b5 21. axb5 axb5 22. Ra5 Rb6 23. f3 Ne5 24. Nde4 Nxe4 25. Nxe4 c4 26. bxc4 Nxc4 27. Ra2 Qe7 {Against Nc5} 28. Rb1 f5 29. Bb4 Qf7 (29... Qe8 $1 $15 30. Nc3 Qxe3+ 31. Qxe3 Nxe3) 30. Nc5 {[#]} Nxe3 $1 {...Re8 is the strong threat.} 31. Rd2 $1 Nd5 32. Ba5 Re8 33. Qd3 Nf4 34. Qb3 (34. Qf1 $11 Rbb8 35. Rxb5) 34... Qxb3 $17 35. Rxb3 Rc6 36. Nd3 Ne2+ 37. Kf1 Nd4 $36 {[%mdl 2048] Keeping White busy.} (37... Ng3+ {with more complications.} 38. Kf2 f4 39. Nxf4 Nh1+) 38. Rb1 g5 39. Bb4 (39. Nb4 $142 Rc4 40. Bb6) 39... f4 40. Bc5 {[#]} Nf5 41. Bf2 Rd8 42. Rxb5 (42. Rdd1 $17 {is a better defense.}) 42... Ne3+ $19 43. Ke2 Nxg2 (43... Nc4 $19 {is more deadly.} 44. Rd1 Ra6) 44. Nc5 $17 Re8+ (44... Rxd2+ $17 45. Kxd2 Kf7) 45. Ne4 $1 $11 Re7 46. Rbd5 Rc1 47. Rd1 Rc2+ 48. R5d2 Rxd2+ 49. Rxd2 Rb7 50. Rd3 Rb1 51. Rd1 (51. Ra3 $11 {is more appropriate.}) 51... Rb2+ (51... Rxd1 $17 52. Kxd1 Kf7) 52. Rd2 Rb4 53. Rd3 {The position is equal.} Be5 54. Kf1 Ne3+ 55. Bxe3 Rb1+ 56. Kg2 {Black must now prevent Bd2.} fxe3 57. Rxe3 {[%mdl 4096] Endgame KRB-KRN} Bf4 58. Re2 Kg7 59. Nf2 h5 60. Nd3 Kf6 61. Nxf4 gxf4 62. h4 Rb7 63. Ra2 Re7 64. Kf2 {[%emt 1:01:40] Weighted Error Value: White=0.12 (very precise) /Black=0.13 (very precise)} *

[Event "21st Maccabiah GM 2022"]
[Site "?"]
[Date "2022.07.19"]
[Round "6.1"]
[White "Dvoirys, Semen I."]
[Black "Gruenfeld, Yehuda"]
[Result "1-0"]
[ECO "B88"]
[WhiteElo "2439"]
[BlackElo "2426"]
[Annotator "TA"]
[PlyCount "95"]
[EventDate "2022.07.13"]
[EventType "tourn"]
[EventCountry "ISR"]
[SourceTitle "playchess.com"]
[Source "ChessBase"]
[SourceQuality "1"]
[TimeControl "40/5400+30:1800+30"]

1. e4 c5 2. Nf3 d6 3. d4 cxd4 4. Nxd4 Nf6 5. Nc3 a6 6. Bc4 e6 7. a4 Be7 8. O-O O-O 9. Be3 Nc6 10. Qe2 Bd7 11. f4 {[%emt 0:01:22] [#] B88: Sicilian: Sozin Attack.} d5 $146 ({Predecessor:} 11... Nxe4 12. Nxe4 d5 13. Rad1 Qc8 14. Bd3 dxe4 15. Bxe4 g6 16. Nb3 Nb4 17. Qf3 Nd5 18. f5 {½-½ (18) Volokitin,A (2545)-Bruzon Batista,L (2595) Esbjerg 2002}) 12. exd5 exd5 13. Bxd5 {[%emt 0:23:30] The position is equal.} (13. Nxd5 {keeps more tension.} Nxd5 14. Bxd5 Nxd4 15. Bxd4 Be6 16. c4) 13... Bg4 14. Nxc6 Bxe2 15. Nxd8 Bxf1 16. Nxb7 (16. Rxf1 Rfxd8 17. Bf3 Bb4 $17) 16... Bb4 17. Bb3 Rab8 18. Nc5 Ng4 $2 ({Black should try} 18... Rfc8 $11) 19. Bd4 $16 (19. Rxf1 $6 Bxc3 20. Bf2 (20. Nxa6 Nxe3 21. Nxb8 Nxf1 $11) 20... Bxb2 $11) 19... Rfc8 20. Nd7 {[%emt 0:03:04] Pair of Knights!} (20. Kxf1 Bxc5 21. Bxc5 Rxc5 $11) 20... Rb7 21. Nb6 {[%emt 0:00:13] Dancing on a razor blade.} Rd8 {[%emt 0:03:51] [#]} 22. Ncd5 $1 $36 {[%emt 0:04:16][%mdl 2048] White has strong initiative.} Be2 23. c3 (23. h3 $18) 23... Bf8 24. Bc2 {[%emt 0:07:38] Strongly threatening Be4.} Nf6 {[%emt 0:02:05] Against Be4} 25. Nxf6+ gxf6 26. a5 (26. Be4 $16 Rbb8 27. a5) 26... Bb5 (26... Rc7 $1 $14) 27. Be4 {[%emt 0:02:31] White is more active.} ({Of course not} 27. Bxf6 $6 Bc5+ 28. Kh1 Bxb6 29. axb6 Rd2 $11) 27... Rxd4 {[%emt 0:02:21] This costs Black the game.} 28. cxd4 (28. Bxb7 $18 Rd2 29. c4 Bc5+ 30. Kf1) 28... Re7 {[%emt 0:00:29] [#]} (28... Rb8 $16 29. Kf2 Rd8) 29. Nd5 $1 $18 Re6 30. Rc1 Kg7 {[%emt 0:01:08] [#]} (30... Bc6 $142 31. Rc4 Bb5) 31. Bf3 $1 Re8 32. Kf2 Bd6 33. g3 Rb8 34. b3 Bd7 35. Nb6 Be6 (35... Bb5 $142 36. Be2 Bb4 37. Bxb5 Bxa5 38. Bxa6 Bxb6) 36. Rc6 Bb4 37. Nc4 {[%emt 0:02:41] And now Rb6 would win.} Bc3 38. d5 ({Inferior is} 38. Rxa6 Bxd4+ 39. Ke2 Rxb3 $11) 38... Bd4+ $2 (38... Bd7 39. Rc7 (39. Rxa6 Rxb3 40. Be2 Bd4+ 41. Ke1 Bc5 $16) 39... Bh3) 39. Kg2 {[%emt 0:01:31] White is clearly winning.} Bf5 40. d6 Rxb3 41. d7 Bxd7 {[%emt 0:02:02] White must now prevent ...Rxf3.} 42. Rd6 Be6 {[%emt 0:02:27] Hoping for ...Bc5.} 43. Rxd4 Rb4 44. Be2 f5 45. Kf2 Ra4 46. Ke3 Kf6 47. Nb6 Rxa5 48. Ra4 {[%emt 0:00:00] Against Ra3+.  Weighted Error Value: White=0.20 (precise) /Black=0.36} 1-0

[Event "21st Maccabiah GM 2022"]
[Site "?"]
[Date "2022.07.19"]
[Round "6.2"]
[White "Postny, Evgeny"]
[Black "Alekseev, Evgeny"]
[Result "1/2-1/2"]
[ECO "D60"]
[WhiteElo "2564"]
[BlackElo "2601"]
[Annotator "TA"]
[PlyCount "45"]
[EventDate "2022.07.13"]
[EventType "tourn"]
[EventCountry "ISR"]
[SourceTitle "playchess.com"]
[Source "ChessBase"]
[SourceQuality "1"]
[TimeControl "40/5400+30:1800+30"]

1. d4 Nf6 2. c4 e6 3. Nc3 d5 4. Bg5 Be7 5. e3 Nbd7 6. Nf3 O-O 7. Be2 h6 8. Bh4 dxc4 9. O-O c5 10. Bxc4 a6 11. a4 cxd4 12. exd4 {[%emt 0:05:17] The position is equal.} Nb6 {[%emt 0:05:25][%cal Bd7b6,Bb6c8,Bc8d6][%mdl 32] D60: Queen's Gambit Declined: Classical: Unusual White 7th moves.} 13. Bb3 Bd7 14. Bxf6 Bxf6 15. a5 Nc8 16. d5 {[%emt 0:12:25] [#]} exd5 $146 ({Predecessor:} 16... e5 17. Re1 Bg4 18. h3 Bxf3 19. Qxf3 Nd6 20. Ne4 Nxe4 21. Qxe4 Rc8 22. Ra4 Rc5 {½-½ (33) Raap,C (2336)-Schulz,R (2315) Remote email 2013}) 17. Nxd5 Bc6 18. Re1 Bxd5 19. Bxd5 Nd6 20. Qd2 Rc8 21. Rad1 Qc7 22. Rc1 Qd7 23. h3 {[%emt 0:06:30] An uneventful encounter.  Weighted Error Value: White=0.01 (flawless) /Black=0.00 (flawless)} 1/2-1/2

[Event "21st Maccabiah GM 2022"]
[Site "?"]
[Date "2022.07.19"]
[Round "6.3"]
[White "Ginsburg, Gennadi"]
[Black "Kobo, Ori"]
[Result "0-1"]
[ECO "B44"]
[WhiteElo "2400"]
[BlackElo "2534"]
[Annotator "TA"]
[PlyCount "74"]
[EventDate "2022.07.13"]
[EventType "tourn"]
[EventCountry "ISR"]
[SourceTitle "playchess.com"]
[Source "ChessBase"]
[SourceQuality "1"]
[TimeControl "40/5400+30:1800+30"]

1. e4 c5 2. Nf3 Nc6 3. d4 cxd4 4. Nxd4 e6 5. Nb5 d6 6. c4 Nf6 7. N1c3 a6 8. Na3 Be7 9. Be2 O-O 10. O-O b6 11. Be3 Bb7 12. Qb3 Nd7 13. Rfd1 Nc5 14. Qc2 Bf6 15. f3 {[%emt 0:02:08] B44: Sicilian: Taimanov: 5 Nb5.} Be5 16. Bf1 f5 {[%emt 0:01:25][%cal Bf7f5,Bf5e4][%mdl 32] [#] White must now prevent ...fxe4.} (16... Qh4 17. g3 Qh5 18. f4 Bxc3 19. bxc3 $11) 17. Rd2 $146 (17. Qd2 $15) ({Predecessor:} 17. f4 Bxc3 18. Qxc3 Nxe4 19. Qb3 Rb8 20. Bxb6 Qh4 21. Qe3 e5 22. g3 Qf6 23. Bg2 exf4 24. gxf4 {0-1 (32) Salem,A (2690)-Abdusattorov,N (2661) Sharjah 2022}) 17... Nb4 (17... Qh4 18. g3 Qf6 19. f4 $17) (17... fxe4 $142 18. fxe4 Bxc3 19. bxc3 Ne5 20. Bxc5 bxc5) 18. Qd1 $19 fxe4 19. f4 (19. fxe4 Qf6 20. Nc2) 19... Rxf4 20. Bxf4 (20. Nc2 $142 Nbd3 21. Bxf4 Bxf4 22. Bxd3 exd3 23. Rxd3 Nxd3 24. Qxd3) 20... Bxf4 21. Re2 Qf6 22. Nc2 Nbd3 23. Nxe4 Bxe4 (23... Bxh2+ $2 24. Kxh2 Bxe4 25. Rxe4 $19) 24. Rxe4 Nxe4 25. Qxd3 Nc5 26. Qf3 (26. Qc3 $142) 26... Rf8 {[%emt 0:00:18][%cal Of4h2] And now ...Bxh2+! would win.} 27. b4 {[%emt 0:01:33] [#]} (27. g3 $142 Qxb2 28. gxf4 Qxc2 29. Be2) 27... Nd7 $2 (27... Bxh2+ $1 $19 {[%mdl 512] is more deadly.} 28. Kxh2 Qe5+ 29. Qg3 Rf4 $1) 28. g3 $17 Qg5 ({Black should play} 28... Be5 $17 29. Qxf6 gxf6) 29. Qe4 (29. Qe2 $1 $11 {remains equal.} Be5 30. Rd1) 29... Be5 $36 {[%emt 0:01:41][%mdl 2048] White is under strong pressure. Black is more active.} 30. Rd1 Nf6 31. Qe2 (31. Qd3 $17) 31... Ng4 $19 32. Bh3 {[%emt 0:00:31] [#]} Nf2 ({Weaker is} 32... h5 33. Bxg4 Qxg4 34. Qxg4 hxg4 35. Ne3 $17) 33. Bxe6+ Kh8 34. Rf1 Bxg3 {[%emt 0:00:58] aiming for ...Bf4+.} 35. Qg4 {[%emt 0:00:08] [#]} (35. Bd5 $19 Bf4+ 36. Bg2) 35... Bxh2+ $1 {[%emt 0:05:11][%mdl 512] Black mates.} 36. Kg2 Qd2 ({Much less strong is} 36... Nxg4 37. Rxf8#) 37. Qd4 Nd3+ {[%emt 0:00:10] Weighted Error Value: White=0.81/Black=0.52} 0-1